 Dungeon Crawl Stone Soup version 0.26.1-11-gd32895ea62 (webtiles) character file.

Game seed: 2128638943108349048

44 hawla the Conjurer (level 3, 0/20 HPs)
             Began as a Deep Elf Conjurer on May 18, 2021.
             Slain by a gnoll
             ... wielding a +0 whip
              (3 damage)
             ... on level 2 of the Dungeon.
             The game lasted 00:04:25 (1187 turns).

hawla the Conjurer (Deep Elf Conjurer)              Turns: 1187, Time: 00:04:26

Health: 0/20       AC:  2    Str:  4    XL:     3   Next: 39%
Magic:  0/10       EV: 13    Int: 23    God:
Gold:   46         SH:  0    Dex: 13    Spells: 6/9 levels left

rFire    . . .     SeeInvis .   f - +1 whip
rCold    . . .     Faith    .   (no shield)
rNeg     . . .     Spirit   .   a - +0 robe
rPois    .         Reflect  .   (no helmet)
rElec    .         Harm     .   (no cloak)
rCorr    .         Rampage  .   (no gloves)
Will     .....                  (no boots)
Stlth    ++........             (no amulet)
HPRegen  0.06/turn              (no ring)
MPRegen  0.12/turn              (no ring)

@: about to teleport
A: no striking features
a: no special abilities


You were on level 2 of the Dungeon.
You visited 1 branch of the dungeon, and saw 2 of its levels.

You collected 46 gold pieces.

Inventory:

Hand Weapons
 f - a +1 whip (weapon)
Missiles
 h - 4 datura-tipped darts
 k - 14 poisoned darts
Armour
 a - a +0 robe (worn)
 e - a +0 pair of gloves
Jewellery
 b - a cursed ring of teleportation {unknown}
 n - an uncursed amulet of faith {unknown}
Wands
 d - a wand of iceblast (9)
 g - a wand of flame (6)
Scrolls
 c - a scroll of remove curse
 j - a scroll of amnesia
 m - a scroll of blinking {unknown}
Potions
 i - a potion of attraction


   Skills:
 - Level 1.0 Fighting
 - Level 2.4 Dodging
 - Level 2.4 Stealth
 + Level 3.6 Spellcasting
 + Level 4.8 Conjurations
 + Level 1.5 Translocations


You had 6 spell levels left.
You knew the following spells:

 Your Spells              Type           Power        Failure   Level
a - Magic Dart            Conj           100%         1%          1
b - Searing Ray           Conj           52%          2%          2

Your spell library contained the following spells:

 Spells                   Type           Power        Failure   Level
 Dazzling Flash           Conj/Hex       30%          12%         3
 Iskenderun's Mystic Bla  Conj/Tloc      18%          28%         4
 Fulminant Prism          Conj/Hex       7%           36%         4


Dungeon Overview and Level Annotations

Branches:
Dungeon (2/15)

Altars:


Message History

The bat closely misses you. The leopard gecko misses you.
The gnoll barely misses you. The leopard gecko closely misses you.
As you read the scroll of teleportation, it crumbles to dust.
You feel strangely unstable. The bat closely misses you.
The gnoll hits you with a +0 whip.
* * * LOW HITPOINT WARNING * * *
The leopard gecko bites you.
* * * LOW HITPOINT WARNING * * *
The gnoll closely misses you.
Okay, then.
Casting: Magic Dart (safe; 1% risk of failure)
Confirm with . or Enter, or press ? or * to list all spells.
Aiming: Magic Dart (safe; 1% risk of failure)
Press: ? - help, Shift-Dir - straight line, f/p - leopard gecko
Aim: a leopard gecko (0% to evade)
The magic dart hits the leopard gecko.
The leopard gecko is moderately wounded.
The bat misses you. The leopard gecko misses you.
The gnoll hits you with a +0 whip.
You die...

.......# .
.......######## ..
..............## ##...
...).=######l@#......
..........bgg#.#....
#.......g.........
######...).......#.....
....................>..
....##.................
. #..........#..#..#
#..........##.# .#
############ ... #


You could see 2 gnolls, a leopard gecko, a hobgoblin and a bat.

Vanquished Creatures
  2 gnolls (D:2)
  A leopard gecko (D:2)
  A giant cockroach (D:1)
  5 goblins (D:1)
  3 hobgoblins (D:1)
  2 jackals (D:1)
  4 bats (D:1)
  A frilled lizard (D:1)
  3 kobolds (D:1)
22 creatures vanquished.

Notes
Turn   | Place    | Note
-------+----------+-------------------------------------------
     0 | D:1      | hawla the Deep Elf Conjurer began the quest for the Orb.
     0 | D:1      | Reached XP level 1. HP: 10/10 MP: 6/6
   454 | D:1      | Reached XP level 2. HP: 16/16 MP: 6/8
   457 | D:1      | Learned a level 2 spell: Searing Ray
   538 | D:1      | Reached skill level 1 in Translocations
  1171 | D:2      | Reached XP level 3. HP: 20/20 MP: 2/10
  1174 | D:2      | Reached skill level 1 in Fighting
  1187 | D:2      | Slain by a gnoll

Illustrated notes

Levels and vault maps discovered:
D:1:      wander_arrival_estate, layout_basic, dk_noncrumbling_4,
          corexii_corridor_pit, hangedman_decor_peaks_small,
          lemuel_another_geyser
D:2:      layout_basic, okawaru_trees_1

Skill      XL: |  1  2  3 |
---------------+----------+-----
Translocations | 1 |  1.5
Fighting       | 1 |  1.0
Dodging        | |  2.4
Stealth        | |  2.4
Spellcasting   | |  3.6
Conjurations   | |  4.8

Action                   || total
-------------------------++-------
Melee: Unarmed           ||     1
 Cast: Magic Dart        ||    29
       Searing Ray       ||     7
Evoke: Wand              ||     2
  Use: Scroll            ||     6
Armor: Robe              ||     5
Dodge: Dodged            ||    18
